 Dungeon Crawl Stone Soup version 0.19.5 (webtiles) character file.

63 GFizzle the Sneak (level 4, -10/29 HPs)
             Began as an Octopode Assassin on May 14, 2017.
             Killed by divine providence
             ... invoked by an orc priest
              (15 damage)
             ... on level 3 of the Dungeon.
             The game lasted 00:29:43 (2826 turns).

GFizzle the Sneak (Octopode Assassin)               Turns: 2826, Time: 00:29:43

Health: -10/29     AC:  1    Str:  8 (11) XL:     4   Next: 9%
Magic:  4/4        EV: 13    Int: 11 (13) God:
Gold:   76         SH:  0    Dex: 12 (13) Spells: 0 memorised, 3 levels left

rFire  . . .     SeeInvis .     t - +1 short sword
rCold  . . .     Gourm    .     (no shield)
rNeg   + . .     Faith    .     (helmet restricted)
rPois  .         Spirit   .     r - amulet of regeneration
rElec  .         Reflect  .     s - ring of positive energy
rCorr  .         Harm     .     (no ring)
MR     .....                    (no ring)
Stlth  ++++......               (no ring)
                                (no ring)
                                (no ring)
                                (no ring)
                                (no ring)

@: no status effects
A: almost no armour, stealthy swim, amphibious, 8 rings, constrict 8, camouflage
1, gelatinous body 1
a: no special abilities


You were on level 3 of the Dungeon.
You were not hungry.

You visited 1 branch of the dungeon, and saw 3 of its levels.

You collected 76 gold pieces.

Inventory:

Hand Weapons
 a - a +2 dagger
 b - a +0 blowgun
 j - a +0 hand axe
 k - a +0 dagger
 l - a +0 hunting sling
 m - a +0 club
 t - a +1 short sword (weapon)
 u - a +0 dagger
 x - a +0 short sword
 z - a +0 club
 B - a +0 club
Missiles
 c - 29 poisoned needles
 d - 2 curare-tipped needles
 g - 34 sling bullets
 n - 17 arrows
Armour
 h - a +0 robe
 q - a +1 pair of gloves
 v - a +0 leather armour
 D - a +0 leather armour
Jewellery
 e - a +4 amulet of reflection
 r - an amulet of regeneration (around mantle)
 s - a ring of positive energy (left tentacle)
Scrolls
 y - 2 scrolls of identify
Comestibles
 f - a bread ration


   Skills:
 + Level 2.2 Fighting
 + Level 2.5 Short Blades
 + Level 0.4 Axes
 + Level 2.1 Throwing
 + Level 1.5 Dodging
 + Level 6.5 Stealth


You had 3 spell levels left.
You didn't know any spells.

Dungeon Overview and Level Annotations

Branches:
Dungeon (3/15)

Altars:

Annotations:
D:3 Ijyb


Innate Abilities, Weirdness & Mutations

You cannot wear most types of armour.
You are very stealthy in the water. (Stealth+)
You are amphibious.
You can wear up to eight rings at the same time.
You can use your tentacles to constrict eight enemies at once.
Your skin changes colour to match your surroundings (Stealth+).
Your rubbery body absorbs attacks. (AC +1, EV +1)


Message History

You hit the orc warrior but do no damage.
You squeeze the orc warrior.
The orc warrior is heavily wounded.
You constrict the orc warrior, but do no damage.
The orc warrior hits you with an enchanted war axe.
The orc closely misses you. The rat bites you.
A kobold comes into view.
You release your grip on the orc warrior.
The adder closely misses you.
The kobold shouts!
The orc warrior hits you with an enchanted war axe.
* * * LOW HITPOINT WARNING * * *
The adder bites you.
* * * LOW HITPOINT WARNING * * *
The orc priest looks encouraged for a moment.
The adder barely misses you.
The orc priest invokes the aid of Beogh against you.
Beogh smites you!
Ouch! That really hurt!
You die...

#......... +.........
####..((.....
#[...........
#..........
#.oK.......
#.<.l######
##.##########K#.#
#.....@.Sr..oo#...
#########o..........#
#...........+
#...........#
#####.......#
#.......# #.......#
#.......#


You could see an orc warrior, an orc priest, an adder, an orc, a kobold and a
rat.

Vanquished Creatures
  An adder (D:1)
  A dart slug (D:1)
  2 giant cockroaches
  7 goblins
  5 hobgoblins
  7 jackals (D:2)
  3 quokkas (D:2)
  9 bats
  2 frilled lizards
  2 kobolds (D:2)
  9 rats
48 creatures vanquished.

Notes
Turn   | Place    | Note
-------+----------+-------------------------------------------
     0 | D:1      | GFizzle the Octopode Assassin began the quest for the Orb.
     0 | D:1      | Reached XP level 1. HP: 14/14 MP: 1/1
   251 | D:1      | Reached XP level 2. HP: 14/19 MP: 2/2
   913 | D:1      | Reached skill level 6 in Stealth
  1033 | D:1      | Reached XP level 3. HP: 24/24 MP: 3/3
  2221 | D:2      | Reached XP level 4. HP: 21/29 MP: 4/4
  2789 | D:3      | Noticed Ijyb
  2803 | D:3      | Noticed an orc warrior
  2826 | D:3      | Killed from afar by an orc priest

Skill      XL: |  1  2 |
---------------+-------+-----
Stealth        | 6 |  6.5
Fighting       | |  2.2
Short Blades   | |  2.5
Axes           | |  0.4
Throwing       | |  2.1
Dodging        | |  1.5

Action                   |  1- 3 |  4- 6 || total
-------------------------+-------+-------++-------
Melee: Dagger            |    13 |       ||    13
       Constrict         |    19 |     8 ||    27
       Tentacles         |    10 |     2 ||    12
       Hand axe          |    25 |       ||    25
       Short sword       |    44 |    25 ||    69
 Fire: Blowgun           |     7 |     2 ||     9
  Use: Scroll            |     3 |     1 ||     4
       Potion            |       |     4 ||     4
 Stab: Sleeping          |     7 |       ||     7
       Distracted        |       |     1 ||     1
  Eat: Chunk             |     4 |     1 ||     5
       Meat ration       |       |     1 ||     1
Armor: Skin              |    16 |     4 ||    20
Dodge: Dodged            |    90 |    43 ||   133
Block: Other             |    12 |     3 ||    15
